 Dungeon Crawl Stone Soup version 0.13-a0-2899-gc7fce8a (webtiles) character file.

382 PolkaDot the Vexing (level 5, -2/34 (35) HPs)
             Began as a Vampire Enchanter on Aug 30, 2013.
             Killed from afar by Sigmund (4 damage)
             ... with a magic dart
             ... on Level 4 of the Dungeon.
             The game lasted 00:12:33 (5727 turns).

PolkaDot the Vexing (Vampire Enchanter)             Turns: 5727, Time: 00:12:33

HP  -2/34 (35)   AC  6     Str  6 (7)  XL: 5   Next: 62%
MP   2/10        EV 12     Int 15 (18) God:
Gold 165         SH  0     Dex 14      Spells:  2 memorised,  4 levels left

Res.Fire  : . . .   See Invis. : +   a - +1 dagger {=f}
Res.Cold  : + + .   Warding    : .   b - +1 robe
Life Prot.: + + +   Conserve   : +   (no shield)
Res.Poison: +       Res.Corr.  : .   (no helmet)
Res.Elec. : .       Clarity    : .   (no cloak)
Sust.Abil.: . .     Spirit.Shd : .   (no gloves)
Res.Mut.  : .       Stasis     : .   (no boots)
Res.Rott. : +       Flight     : .   w - amulet of conservation {unknown}
Saprovore : . . .                    (no ring)
                                     o - +3 ring of protection

@: non-regenerating, slightly resistant to hostile enchantments, quite stealthy
A: fangs 3, see invisible, unbreathing
a: Bat Form


You were on level 4 of the Dungeon.
You were bloodless.

You visited 1 branch of the dungeon, and saw 4 of its levels.

You collected 145 gold pieces.

Inventory:

Hand weapons
 a - a +1,+1 dagger (weapon) {=f}
Missiles
 d - 9 darts (quivered)
Armour
 b - a +1 robe (worn)
Magical devices
 n - a wand of enslavement (10)
 v - a wand of disintegration (3) {unknown}
Scrolls
 e - 4 scrolls of amnesia {unknown}
 g - 2 scrolls of curse weapon {unknown}
 i - 3 scrolls of identify {unknown}
 j - a scroll of recharging {unknown}
 k - 2 scrolls of enchant weapon II {unknown}
 m - a scroll of curse jewellery {unknown}
 q - a scroll of blinking {unknown}
 r - a scroll of teleportation {unknown}
 u - a scroll of magic mapping {unknown}
Jewellery
 o - a +3 ring of protection (left hand)
 w - an amulet of conservation (around neck) {unknown}
Potions
 s - a potion of agility {unknown}
 t - a potion of berserk rage {unknown}
 x - a potion of restore abilities {unknown}
Books
 c - a book of Maledictions

   Spells                             Type                      Level
   *Corona                            Hexes                        1
   Sure Blade                         Hexes/Charms                 2
   Ensorcelled Hibernation            Hexes/Ice                    2
   *Confuse                           Hexes                        3
   Enslavement                        Hexes                        4
   Invisibility                       Hexes                        6


   Skills:
 - Level 2.4 Short Blades
 - Level 0.7 Throwing
 - Level 2.1 Dodging
 * Level 5.3 Stealth
 + Level 2.1 Spellcasting
 * Level 6.9 Hexes


You had 4 spell levels left.
You knew the following spells:

 Your Spells              Type           Power        Failure   Level  Hunger
a - Corona                Hex            ###....      1%          1    #......
c - Confuse               Hex            ###.....     4%          3    ####...


Dungeon Overview and Level Annotations

Branches:
Dungeon (4/27)
 Temple: D:4-7

Altars:
Okawaru

Annotations:
D:4 Sigmund


Innate Abilities, Weirdness & Mutations

You do not heal naturally.
You have razor-sharp teeth.*
You have supernaturally acute eyesight.
You can survive without breathing.*


Message History

Sigmund casts a spell at you. The magic dart hits you!
* * * LOW HITPOINT WARNING * * *
Drink which item? (? for menu, Esc to quit)
You feel better.
Sigmund points at you and mumbles some strange words.
The puff of flame hits you!
* * * LOW HITPOINT WARNING * * *
Drink which item? (? for menu, Esc to quit)
You feel extremely strange.
Your body decomposes!
You feel dopey.
Your body decomposes!
* * * LOW HITPOINT WARNING * * *
Your body decomposes!
You feel weakened.
It was a potion of mutation.
Sigmund casts a spell at you. The magic dart hits you!
You die...

# #####
#.##@..#####
##...@#.......
. ###...#...##
.
#...........#
.###
.##...####.#
....
##....>#.###
#..# ##
#.#...# #..#.
#..###.#
#..#.# #.## .#
#..#.#
#######.# #


You could see Sigmund.

Vanquished Creatures
  2 orc priests (D:4)
  An orc wizard (D:4)
  6 adders
  2 giant mites
  A worm (D:3)
  The ghost of 4tharraofdagon the Insei, a weakling GrMo (D:3)
  3 orcs
  3 ball pythons
  8 bats
  A giant cockroach (D:4)
  14 goblins
  7 hobgoblins
  2 jackals (D:1)
  A quokka (D:1)
  3 giant geckos
  2 giant newts
  9 kobolds
  7 rats
73 creatures vanquished.

Notes
Turn   | Place    | Note
--------------------------------------------------------------
     0 | D:1      | PolkaDot, the Vampire Enchanter, began the quest for the Orb.
     0 | D:1      | Reached XP level 1. HP: 13/13 MP: 4/4
  2870 | D:1      | Reached XP level 2. HP: 14/19 MP: 5/5
  3705 | D:1      | Reached XP level 3. HP: 11/24 MP: 7/7
  3710 | D:1      | Learned a level 3 spell: Confuse
  3745 | D:1      | Reached skill level 5 in Hexes
  3981 | D:1      | Noticed a white ugly thing
  3981 | D:1      | Noticed a white ugly thing
  3982 | D:1      | Noticed a white ugly thing
  4323 | D:2      | Reached XP level 4. HP: 25/30 MP: 8/8
  4374 | D:2      | Found an iron altar of Okawaru.
  4814 | D:3      | Reached skill level 6 in Hexes
  4946 | D:3      | Noticed 4tharraofdagon's ghost (weakling GrMo)
  4957 | D:3      | Killed 4tharraofdagon's ghost
  5341 | D:3      | Reached XP level 5. HP: 16/35 MP: 2/10
  5663 | D:4      | Reached skill level 5 in Stealth
  5713 | D:4      | Noticed Sigmund
  5727 | D:4      | Killed from afar by Sigmund

Action                   |  1- 3 |  4- 6 || total
-------------------------+-------+-------++-------
Melee: Dagger            |   135 |   151 ||   286
Throw: Dart              |    15 |       ||    15
 Cast: Corona            |    15 |     1 ||    16
       Confuse           |     4 |    13 ||    17
Evoke: Wand              |     1 |       ||     1
  Use: Potion            |       |     9 ||     9
 Stab: Sleeping          |     3 |     9 ||    12
       Confused          |     2 |     3 ||     5
